[ AOE2 MATCH · #463573285 ]
Team RMMapuche vs Huns
Player's team · LOSS
[ REPLAY ANALYSIS · EXTRACTED FROM THE RECORDED GAME ]
Feudal
11:14
Castle
—
Imperial
—
| APM avg | 33.6 |
| APM peak | 59 |
| eAPM avg | 18.6 |
| Villagers / military | 33 / 6 |
Focus
⚔️ 41.4% · 🌾 58.6%
Spearman ×4 · Skirmisher ×2
Feudal
8:51
Castle
—
Imperial
—
| APM avg | 22.8 |
| APM peak | 49 |
| eAPM avg | 12.2 |
| Villagers / military | 46 / 14 |
Focus
⚔️ 28.0% · 🌾 72.0%
Archer ×14
Feudal
10:32
Castle
—
Imperial
—
| APM avg | 24.7 |
| APM peak | 51 |
| eAPM avg | 10.0 |
| Villagers / military | 33 / 0 |
Focus
⚔️ 13.4% · 🌾 86.6%
Feudal
9:35
Castle
—
Imperial
—
| APM avg | 41.4 |
| APM peak | 68 |
| eAPM avg | 17.1 |
| Villagers / military | 36 / 6 |
Focus
⚔️ 21.1% · 🌾 78.9%
Scout Cavalry ×6
Feudal
12:07
Castle
—
Imperial
—
| APM avg | 18.8 |
| APM peak | 41 |
| eAPM avg | 10.4 |
| Villagers / military | 29 / 1 |
Focus
⚔️ 31.6% · 🌾 68.4%
Spearman ×1
Feudal
9:17
Castle
—
Imperial
—
| APM avg | 35.4 |
| APM peak | 54 |
| eAPM avg | 11.8 |
| Villagers / military | 26 / 7 |
Focus
⚔️ 15.2% · 🌾 84.8%
Scout Cavalry ×6 · Spearman ×1
Feudal
9:11
Castle
—
Imperial
—
| APM avg | 56.2 |
| APM peak | 101 |
| eAPM avg | 15.8 |
| Villagers / military | 40 / 7 |
Focus
⚔️ 18.1% · 🌾 81.9%
Scout Cavalry ×5 · Spearman ×2
Feudal
12:32
Castle
—
Imperial
—
| APM avg | 28.1 |
| APM peak | 81 |
| eAPM avg | 14.0 |
| Villagers / military | 48 / 0 |
Focus
⚔️ 16.6% · 🌾 83.4%
Match map
Initial resources + every placement click. Lines = walls · curves = elevation contours. ◆ gold · ⬟ stone · ● berries · ✦ relic · ◌ wall gap
Your base
Rey Escorpion's base
偷看D杯阿姨洗澡's base
blabla's base· Open — unwalled flank
Hitokiri's base· Open — unwalled flank
[°OLAM°] The Surrendor's base
Michael J. Saylor's base· Open — unwalled flank
近视主义不是近视's base
Smoothed initial terrain · ◌ = detected wall gap · hover for details
Inputs per minute
— [OLAM] MasterChetoz - - Rey Escorpion
Build order — [OLAM] MasterChetoz
68 actions detected in the replay
| 0:02 | Create | Villager (Male) |
| 0:02 | Create | Villager (Male) |
| 0:02 | Create | Villager (Male) |
| 0:03 | Build | House |
| 0:05 | Build | House |
| 0:24 | Create | Villager (Male) |
| 0:24 | Create | Villager (Male) |
| 1:26 | Create | Villager (Male) |
| 1:26 | Create | Villager (Male) |
| 2:03 | Create | Villager (Male) |
| 2:03 | Create | Villager (Male) |
| 2:03 | Create | Villager (Male) |
| 2:27 | Create | Villager (Male) |
| 2:28 | Create | Villager (Male) |
| 2:46 | Build | Settlement |
| 2:59 | Create | Villager (Male) |
| 2:59 | Create | Villager (Male) |
| 2:59 | Create | Villager (Male) |
| 3:51 | Create | Villager (Male) |
| 3:51 | Create | Villager (Male) |
| 3:52 | Create | Villager (Male) |
| 3:52 | Create | Villager (Male) |
| 3:53 | Create | Villager (Male) |
| 3:53 | Create | Villager (Male) |
| 3:53 | Create | Villager (Male) |
| 4:36 | Create | Villager (Male) |
| 5:16 | Create | Villager (Male) |
| 5:16 | Create | Villager (Male) |
| 5:51 | Build | Settlement |
| 5:54 | Create | Villager (Male) |
| 6:43 | Create | Villager (Male) |
| 6:43 | Create | Villager (Male) |
| 7:22 | Build | Settlement |
| 7:49 | Create | Villager (Male) |
| 7:50 | Create | Villager (Male) |
| 7:50 | Create | Villager (Male) |
| 8:49 | Research | Feudal Age |
| 9:12 | Build | House |
| 9:19 | Build | Palisade Wall |
| 9:35 | Build | Palisade Gate |
| 9:37 | Build | House |
| 9:40 | Build | Palisade Wall |
| 10:14 | Create | Villager (Male) |
| 10:14 | Create | Villager (Male) |
| 10:31 | Build | Palisade Wall |
| 10:35 | Build | Palisade Wall |
| 11:14 | Age | Feudal Age |
| 11:33 | Build | Palisade Wall |
| 11:34 | Build | Palisade Wall |
| 11:37 | Build | Palisade Wall |
| 11:44 | Research | Loom |
| 11:49 | Build | Blacksmith |
| 11:58 | Build | Market |
| 12:05 | Build | House |
| 12:25 | Build | Palisade Wall |
| 12:27 | Build | Palisade Wall |
| 12:39 | Research | Castle Age |
| 12:39 | Research | Castle Age |
| 12:45 | Create | Spearman |
| 12:45 | Create | Spearman |
| 12:56 | Build | Palisade Wall |
| 12:58 | Build | Palisade Wall |
| 13:06 | Create | Spearman |
| 13:07 | Create | Spearman |
| 13:11 | Research | Double-Bit Axe |
| 13:37 | Create | Skirmisher |
| 13:38 | Create | Skirmisher |
| 13:49 | Research | Horse Collar |
Build order — Rey Escorpion
75 actions detected in the replay
| 0:01 | Create | Villager (Male) ×4 |
| 0:02 | Create | Villager (Male) ×4 |
| 0:03 | Build | House |
| 0:04 | Build | House |
| 1:33 | Create | Villager (Male) |
| 1:34 | Create | Villager (Male) |
| 1:34 | Create | Villager (Male) |
| 1:40 | Create | Villager (Male) |
| 1:40 | Create | Villager (Male) |
| 1:40 | Create | Villager (Male) |
| 2:04 | Build | Lumber Camp |
| 2:05 | Create | Villager (Male) |
| 2:05 | Create | Villager (Male) |
| 2:06 | Create | Villager (Male) |
| 2:30 | Create | Villager (Male) |
| 2:30 | Create | Villager (Male) |
| 2:30 | Create | Villager (Male) |
| 2:39 | Create | Villager (Male) |
| 3:00 | Build | House |
| 3:03 | Create | Villager (Male) |
| 3:04 | Create | Villager (Male) |
| 3:04 | Create | Villager (Male) |
| 3:30 | Create | Villager (Male) |
| 3:30 | Create | Villager (Male) |
| 3:45 | Create | Villager (Male) |
| 3:45 | Create | Villager (Male) |
| 3:45 | Create | Villager (Male) |
| 4:05 | Create | Villager (Male) |
| 4:06 | Create | Villager (Male) |
| 4:17 | Build | Mill |
| 4:39 | Create | Villager (Male) |
| 4:48 | Create | Villager (Male) |
| 5:33 | Research | Loom |
| 6:40 | Research | Feudal Age |
| 7:12 | Build | Barracks |
| 7:15 | Build | House |
| 8:09 | Build | Mining Camp |
| 8:51 | Age | Feudal Age |
| 8:55 | Build | Archery Range |
| 9:08 | Create | Villager (Male) |
| 9:08 | Create | Villager (Male) |
| 9:08 | Create | Villager (Male) |
| 9:55 | Create | Archer |
| 9:57 | Build | Archery Range |
| 10:10 | Create | Villager (Male) |
| 10:18 | Build | House |
| 10:23 | Create | Archer |
| 10:54 | Create | Archer |
| 11:08 | Create | Villager (Male) |
| 11:09 | Create | Villager (Male) |
| 11:11 | Build | Blacksmith |
| 11:36 | Create | Archer |
| 11:36 | Create | Archer |
| 11:41 | Build | House |
| 11:48 | Create | Villager (Male) |
| 12:08 | Create | Villager (Male) |
| 12:12 | Research | Fletching |
| 12:13 | Research | Padded Archer Armor |
| 12:18 | Create | Archer |
| 12:18 | Create | Archer |
| 12:39 | Create | Archer |
| 12:39 | Create | Archer |
| 12:39 | Create | Villager (Male) |
| 12:58 | Create | Villager (Male) |
| 12:59 | Create | Villager (Male) |
| 13:19 | Create | Archer |
| 13:19 | Create | Archer |
| 13:24 | Build | House |
| 13:48 | Create | Archer |
| 13:49 | Create | Archer |
| 13:54 | Build | House |
| 14:00 | Build | House |
| 14:25 | Create | Archer |
| 14:27 | Create | Villager (Male) |
| 14:27 | Create | Villager (Male) |
Build order — 偷看D杯阿姨洗澡
69 actions detected in the replay
| 0:02 | Create | Villager (Male) |
| 0:02 | Create | Villager (Male) |
| 0:03 | Build | House |
| 0:05 | Build | House |
| 0:20 | Create | Villager (Male) |
| 0:21 | Create | Villager (Male) |
| 0:21 | Create | Villager (Male) |
| 0:21 | Create | Villager (Male) |
| 1:23 | Create | Villager (Male) |
| 1:57 | Create | Villager (Male) |
| 1:57 | Create | Villager (Male) |
| 1:58 | Create | Villager (Male) |
| 2:20 | Research | Loom |
| 2:21 | Create | Villager (Male) |
| 2:21 | Create | Villager (Male) |
| 2:21 | Create | Villager (Male) |
| 2:40 | Create | Villager (Male) |
| 2:40 | Create | Villager (Male) |
| 2:40 | Create | Villager (Male) |
| 2:54 | Build | House |
| 2:55 | Build | House |
| 3:12 | Create | Villager (Male) |
| 3:12 | Create | Villager (Male) |
| 3:12 | Create | Villager (Male) |
| 3:29 | Build | Lumber Camp |
| 4:02 | Create | Villager (Male) |
| 4:02 | Create | Villager (Male) |
| 4:03 | Create | Villager (Male) |
| 4:27 | Build | Palisade Wall |
| 4:51 | Build | Palisade Wall |
| 5:16 | Build | Palisade Wall |
| 5:18 | Create | Villager (Male) |
| 5:44 | Create | Villager (Male) |
| 5:52 | Build | Palisade Wall |
| 6:28 | Build | Palisade Wall |
| 6:30 | Build | Palisade Wall |
| 6:34 | Build | Palisade Wall |
| 6:38 | Create | Villager (Male) |
| 6:50 | Create | Villager (Male) |
| 7:20 | Build | Mining Camp |
| 7:24 | Create | Villager (Male) |
| 7:59 | Research | Feudal Age |
| 8:11 | Build | Mill |
| 8:46 | Build | Building 796 |
| 8:54 | Build | Palisade Wall |
| 9:02 | Create | Villager (Male) |
| 9:03 | Create | Villager (Male) |
| 9:40 | Build | House |
| 10:32 | Age | Feudal Age |
| 10:56 | Build | Blacksmith |
| 11:11 | Create | Villager (Male) |
| 11:33 | Build | Market |
| 11:37 | Create | Villager (Male) |
| 12:12 | Build | Mining Camp |
| 12:20 | Build | Mining Camp |
| 12:28 | Create | Villager (Male) |
| 12:34 | Build | House |
| 12:40 | Build | House |
| 12:43 | Build | House |
| 12:45 | Research | Castle Age |
| 12:49 | Research | Double-Bit Axe |
| 13:04 | Build | Stone Wall |
| 13:13 | Build | Stone Wall |
| 13:16 | Build | Stone Wall |
| 13:19 | Build | Stone Wall |
| 13:24 | Build | Building 490 |
| 13:28 | Create | Villager (Male) |
| 13:33 | Research | Horse Collar |
| 13:45 | Build | House |
Build order — blabla
77 actions detected in the replay
| 0:01 | Create | Villager (Male) |
| 0:01 | Create | Villager (Male) |
| 0:02 | Create | Villager (Male) |
| 0:02 | Create | Villager (Male) |
| 0:02 | Create | Villager (Male) |
| 0:04 | Build | House |
| 0:05 | Build | House |
| 1:35 | Create | Villager (Male) |
| 1:36 | Create | Villager (Male) |
| 2:00 | Create | Villager (Male) |
| 2:01 | Create | Villager (Male) |
| 2:12 | Build | Lumber Camp |
| 2:31 | Create | Villager (Male) |
| 2:31 | Create | Villager (Male) |
| 2:53 | Create | Villager (Male) |
| 2:54 | Create | Villager (Male) |
| 3:03 | Create | Villager (Male) |
| 3:44 | Create | Villager (Male) |
| 3:53 | Build | House |
| 3:54 | Build | Palisade Wall |
| 4:09 | Create | Villager (Male) |
| 4:09 | Create | Villager (Male) |
| 4:26 | Build | Mill |
| 4:31 | Create | Villager (Male) |
| 4:36 | Research | Loom |
| 4:41 | Create | Villager (Male) |
| 4:56 | Create | Villager (Male) |
| 5:56 | Create | Villager (Male) |
| 5:56 | Create | Villager (Male) |
| 5:57 | Create | Villager (Male) |
| 6:15 | Create | Villager (Male) |
| 7:25 | Research | Feudal Age |
| 8:02 | Build | Barracks |
| 8:06 | Build | Palisade Wall |
| 8:19 | Build | Palisade Wall |
| 8:19 | Build | Palisade Wall |
| 8:21 | Build | House |
| 9:02 | Build | Palisade Wall |
| 9:05 | Build | Palisade Wall |
| 9:07 | Build | Palisade Wall |
| 9:10 | Create | Villager (Male) |
| 9:35 | Age | Feudal Age |
| 9:37 | Build | Stable |
| 9:51 | Create | Villager (Male) |
| 10:08 | Build | House |
| 10:11 | Create | Villager (Male) |
| 10:37 | Build | Blacksmith |
| 10:39 | Create | Scout Cavalry |
| 10:39 | Create | Scout Cavalry |
| 10:42 | Create | Villager (Male) |
| 11:08 | Create | Villager (Male) |
| 11:12 | Build | Farm |
| 11:36 | Create | Scout Cavalry |
| 11:37 | Create | Scout Cavalry |
| 11:37 | Create | Scout Cavalry |
| 11:45 | Create | Villager (Male) |
| 11:59 | Create | Villager (Male) |
| 12:04 | Build | House |
| 12:36 | Create | Villager (Male) |
| 12:36 | Create | Villager (Male) |
| 12:39 | Build | Farm |
| 12:39 | Build | Farm |
| 12:40 | Build | Farm |
| 12:43 | Build | House |
| 12:46 | Create | Scout Cavalry |
| 13:00 | Build | Farm |
| 13:01 | Build | Farm |
| 13:03 | Build | Farm |
| 13:46 | Create | Villager (Male) |
| 13:51 | Build | House |
| 13:53 | Research | Scale Barding Armor |
| 13:57 | Create | Villager (Male) |
| 14:09 | Build | Farm |
| 14:11 | Build | Farm |
| 14:27 | Build | Mining Camp |
| 14:31 | Build | Farm |
| 14:32 | Create | Villager (Male) |
Build order — Hitokiri
48 actions detected in the replay
| 0:08 | Create | Villager (Male) |
| 0:08 | Create | Villager (Male) |
| 0:08 | Create | Villager (Male) |
| 0:24 | Create | Villager (Male) |
| 1:20 | Create | Villager (Male) |
| 1:21 | Create | Villager (Male) |
| 2:05 | Build | Lumber Camp |
| 2:07 | Create | Villager (Male) |
| 2:15 | Create | Villager (Male) |
| 2:15 | Create | Villager (Male) |
| 2:48 | Create | Villager (Male) |
| 3:03 | Create | Villager (Male) |
| 3:47 | Create | Villager (Male) |
| 3:47 | Create | Villager (Male) |
| 4:11 | Create | Villager (Male) |
| 4:11 | Create | Villager (Male) |
| 4:45 | Create | Villager (Male) |
| 5:02 | Create | Villager (Male) |
| 5:17 | Build | Mill |
| 5:20 | Create | Villager (Male) |
| 5:40 | Create | Villager (Male) |
| 6:12 | Create | Villager (Male) |
| 6:36 | Create | Villager (Male) |
| 6:36 | Create | Villager (Male) |
| 6:37 | Create | Villager (Male) |
| 8:04 | Create | Villager (Male) |
| 8:18 | Build | Mining Camp |
| 8:28 | Create | Villager (Male) |
| 9:07 | Create | Villager (Male) |
| 9:16 | Research | Loom |
| 9:17 | Research | Feudal Age |
| 10:27 | Build | Barracks |
| 10:49 | Build | Barracks |
| 11:02 | Build | Palisade Wall |
| 11:27 | Build | Farm |
| 11:39 | Create | Villager (Male) |
| 12:07 | Age | Feudal Age |
| 12:09 | Build | Stable |
| 12:20 | Build | Blacksmith |
| 12:24 | Create | Spearman |
| 12:32 | Build | Palisade Wall |
| 12:39 | Create | Villager (Male) |
| 12:42 | Research | Double-Bit Axe |
| 12:44 | Research | Horse Collar |
| 13:01 | Create | Villager (Male) |
| 13:09 | Research | Castle Age |
| 13:23 | Build | Farm |
| 13:40 | Build | Stable |
Build order — [°OLAM°] The Surrendor
56 actions detected in the replay
| 0:01 | Create | Villager (Male) ×4 |
| 0:03 | Build | House |
| 0:04 | Build | House |
| 1:15 | Create | Villager (Male) |
| 1:40 | Create | Villager (Male) |
| 2:08 | Create | Villager (Male) |
| 2:12 | Build | Lumber Camp |
| 2:43 | Create | Villager (Male) |
| 3:07 | Create | Villager (Male) |
| 3:44 | Create | Villager (Male) |
| 3:59 | Build | House |
| 4:04 | Create | Villager (Male) |
| 4:23 | Create | Villager (Male) |
| 4:59 | Create | Villager (Male) |
| 5:07 | Build | Mill |
| 5:11 | Create | Villager (Male) |
| 5:14 | Create | Villager (Male) |
| 5:15 | Create | Villager (Male) |
| 5:43 | Research | Loom |
| 6:59 | Research | Feudal Age |
| 7:46 | Build | Barracks |
| 8:34 | Create | Villager (Male) |
| 8:39 | Build | House |
| 9:17 | Age | Feudal Age |
| 9:21 | Build | Stable |
| 9:26 | Build | House |
| 9:29 | Build | House |
| 9:31 | Build | House |
| 9:34 | Research | Double-Bit Axe |
| 9:37 | Create | Villager (Male) |
| 10:10 | Create | Villager (Male) |
| 10:19 | Research | Horse Collar |
| 10:20 | Create | Villager (Male) |
| 10:22 | Create | Scout Cavalry |
| 10:22 | Create | Scout Cavalry |
| 10:24 | Create | Scout Cavalry |
| 10:44 | Build | Building 796 |
| 10:47 | Build | Palisade Wall |
| 11:01 | Create | Villager (Male) |
| 11:02 | Create | Villager (Male) |
| 11:31 | Create | Spearman |
| 11:33 | Create | Villager (Male) |
| 11:34 | Create | Scout Cavalry |
| 11:52 | Build | Blacksmith |
| 12:09 | Build | Farm |
| 12:14 | Build | Farm |
| 12:44 | Create | Scout Cavalry |
| 12:44 | Create | Villager (Male) |
| 12:46 | Create | Scout Cavalry |
| 12:48 | Build | Farm |
| 13:12 | Create | Villager (Male) |
| 13:19 | Build | Farm |
| 13:21 | Build | Farm |
| 13:22 | Build | Farm |
| 13:27 | Build | House |
| 13:32 | Create | Villager (Male) |
Build order — Michael J. Saylor
79 actions detected in the replay
| 0:01 | Build | House |
| 0:03 | Build | House |
| 0:03 | Create | Villager (Male) |
| 0:03 | Create | Villager (Male) |
| 0:28 | Create | Villager (Male) |
| 0:28 | Create | Villager (Male) |
| 0:28 | Create | Villager (Male) |
| 1:24 | Create | Villager (Male) |
| 1:25 | Create | Villager (Male) |
| 1:25 | Create | Villager (Male) |
| 1:53 | Create | Villager (Male) |
| 1:53 | Create | Villager (Male) |
| 1:55 | Build | Lumber Camp |
| 2:28 | Create | Villager (Male) |
| 2:28 | Create | Villager (Male) |
| 2:57 | Build | House |
| 2:59 | Build | House |
| 3:10 | Create | Villager (Male) |
| 3:11 | Create | Villager (Male) |
| 3:11 | Create | Villager (Male) |
| 3:34 | Create | Villager (Male) |
| 3:34 | Create | Villager (Male) |
| 4:04 | Create | Villager (Male) |
| 4:04 | Create | Villager (Male) |
| 4:05 | Create | Villager (Male) |
| 4:22 | Build | Mill |
| 5:15 | Create | Villager (Male) |
| 5:15 | Create | Villager (Male) |
| 5:52 | Create | Villager (Male) |
| 5:52 | Create | Villager (Male) |
| 6:02 | Research | Loom |
| 7:07 | Research | Feudal Age |
| 7:54 | Build | Barracks |
| 8:56 | Create | Villager (Male) |
| 9:11 | Age | Feudal Age |
| 9:16 | Build | Stable |
| 9:26 | Research | Double-Bit Axe |
| 9:34 | Build | Farm |
| 9:38 | Create | Villager (Male) |
| 9:48 | Build | House |
| 9:58 | Build | Farm |
| 10:00 | Create | Villager (Male) |
| 10:05 | Create | Villager (Male) |
| 10:13 | Build | House |
| 10:14 | Create | Scout Cavalry |
| 10:14 | Create | Scout Cavalry |
| 10:24 | Build | Palisade Wall |
| 10:43 | Create | Scout Cavalry |
| 10:52 | Create | Villager (Male) |
| 10:55 | Build | Farm |
| 10:58 | Create | Spearman |
| 10:59 | Create | Spearman |
| 11:16 | Create | Villager (Male) |
| 11:18 | Build | Farm |
| 11:19 | Create | Villager (Male) |
| 11:19 | Create | Villager (Male) |
| 11:59 | Create | Villager (Male) |
| 12:02 | Build | House |
| 12:03 | Build | House |
| 12:06 | Create | Scout Cavalry |
| 12:19 | Build | Farm |
| 12:20 | Create | Villager (Male) |
| 12:20 | Create | Villager (Male) |
| 12:58 | Build | House |
| 12:58 | Create | Villager (Male) |
| 12:59 | Create | Villager (Male) |
| 13:06 | Create | Scout Cavalry |
| 13:27 | Build | Blacksmith |
| 13:28 | Create | Villager (Male) |
| 13:32 | Build | Farm |
| 13:32 | Build | Farm |
| 13:43 | Build | Palisade Wall |
| 13:52 | Build | Farm |
| 13:54 | Build | Farm |
| 13:57 | Build | Farm |
| 14:25 | Build | Farm |
| 14:26 | Create | Villager (Male) |
| 14:28 | Build | Farm |
| 14:29 | Create | Villager (Male) |
Build order — 近视主义不是近视
76 actions detected in the replay
| 0:04 | Create | Villager (Male) |
| 0:04 | Create | Villager (Male) |
| 0:05 | Build | House |
| 0:08 | Build | House |
| 0:17 | Create | Villager (Male) |
| 0:17 | Create | Villager (Male) |
| 0:17 | Create | Villager (Male) |
| 0:18 | Create | Villager (Male) |
| 1:37 | Create | Villager (Male) |
| 1:37 | Create | Villager (Male) |
| 1:38 | Create | Villager (Male) |
| 1:58 | Build | Lumber Camp |
| 2:02 | Create | Villager (Male) |
| 2:12 | Create | Villager (Male) |
| 2:15 | Create | Villager (Male) |
| 2:17 | Create | Villager (Male) |
| 2:22 | Create | Villager (Male) |
| 2:22 | Create | Villager (Male) |
| 2:22 | Create | Villager (Male) |
| 2:34 | Create | Villager (Male) |
| 2:34 | Create | Villager (Male) |
| 2:35 | Create | Villager (Male) |
| 2:35 | Create | Villager (Male) |
| 3:07 | Create | Villager (Male) |
| 3:07 | Create | Villager (Male) |
| 3:55 | Create | Villager (Male) |
| 4:02 | Build | House |
| 4:21 | Create | Villager (Male) |
| 4:21 | Create | Villager (Male) |
| 4:22 | Create | Villager (Male) |
| 4:22 | Create | Villager (Male) |
| 4:53 | Create | Villager (Male) |
| 4:54 | Create | Villager (Male) |
| 4:54 | Create | Villager (Male) |
| 4:54 | Create | Villager (Male) |
| 4:54 | Create | Villager (Male) |
| 5:14 | Create | Villager (Male) |
| 5:15 | Create | Villager (Male) |
| 5:15 | Create | Villager (Male) |
| 5:31 | Create | Villager (Male) |
| 5:39 | Build | Mill |
| 5:41 | Create | Villager (Male) |
| 5:48 | Build | House |
| 5:52 | Build | Palisade Wall |
| 6:02 | Create | Villager (Male) |
| 6:28 | Build | House |
| 7:36 | Build | Farm |
| 7:40 | Build | Palisade Wall |
| 7:42 | Create | Villager (Male) |
| 7:49 | Create | Villager (Male) |
| 7:52 | Build | Farm |
| 7:56 | Build | Farm |
| 8:11 | Build | Palisade Wall |
| 8:15 | Create | Villager (Male) |
| 8:32 | Build | Farm |
| 9:06 | Build | Palisade Wall |
| 9:07 | Create | Villager (Male) |
| 9:16 | Build | Palisade Wall |
| 9:19 | Create | Villager (Male) |
| 9:21 | Create | Villager (Male) |
| 9:25 | Build | Farm |
| 9:27 | Research | Feudal Age |
| 9:31 | Research | Loom |
| 9:45 | Research | Loom |
| 9:46 | Research | Feudal Age |
| 10:04 | Build | Farm |
| 10:19 | Build | Mining Camp |
| 11:28 | Create | Villager (Male) |
| 11:33 | Create | Villager (Male) |
| 11:58 | Build | Barracks |
| 12:32 | Age | Feudal Age |
| 13:14 | Build | Stable |
| 13:23 | Build | Blacksmith |
| 13:27 | Build | Palisade Wall |
| 13:29 | Create | Villager (Male) |
| 13:31 | Create | Villager (Male) |
Match timeline
| 3:54 | blabla · wall_segment Palisade Wall x1 |
| 4:27 | 偷看D杯阿姨洗澡 · wall_segment Palisade Wall x7 |
| 4:51 | 偷看D杯阿姨洗澡 · wall_segment Palisade Wall x3 |
| 5:16 | 偷看D杯阿姨洗澡 · wall_segment Palisade Wall x18 |
| 5:52 | 近视主义不是近视 · wall_segment Palisade Wall x1 |
| 5:52 | 偷看D杯阿姨洗澡 · wall_segment Palisade Wall x6 |
| 6:28 | 偷看D杯阿姨洗澡 · wall_segment Palisade Wall x7 |
| 6:30 | 偷看D杯阿姨洗澡 · wall_segment Palisade Wall x7 |
| 6:34 | 偷看D杯阿姨洗澡 · wall_segment Palisade Wall x7 |
| 7:12 | Rey Escorpion · first_building Barracks |
| 7:40 | 近视主义不是近视 · wall_segment Palisade Wall x6 |
| 7:46 | [°OLAM°] The Surrendor · first_building Barracks |
| 7:54 | Michael J. Saylor · first_building Barracks |
| 8:02 | blabla · first_building Barracks |
| 8:06 | blabla · wall_segment Palisade Wall x11 |
| 8:11 | 近视主义不是近视 · wall_segment Palisade Wall x9 |
| 8:19 | blabla · wall_segment Palisade Wall x2 |
| 8:19 | blabla · wall_segment Palisade Wall x1 |
| 8:51 | Rey Escorpion · age_up feudal |
| 8:54 | 偷看D杯阿姨洗澡 · wall_segment Palisade Wall x1 |
| 8:55 | Rey Escorpion · first_building Archery Range |
| 9:02 | blabla · wall_segment Palisade Wall x1 |
| 9:05 | blabla · wall_segment Palisade Wall x2 |
| 9:06 | 近视主义不是近视 · wall_segment Palisade Wall x4 |
| 9:07 | blabla · wall_segment Palisade Wall x3 |
| 9:11 | Michael J. Saylor · age_up feudal |
| 9:16 | 近视主义不是近视 · wall_segment Palisade Wall x8 |
| 9:16 | Michael J. Saylor · first_building Stable |
| 9:17 | [°OLAM°] The Surrendor · age_up feudal |
| 9:19 | [OLAM] MasterChetoz · wall_segment Palisade Wall x7 |
| 9:21 | [°OLAM°] The Surrendor · first_building Stable |
| 9:35 | blabla · age_up feudal |
| 9:37 | blabla · first_building Stable |
| 9:40 | [OLAM] MasterChetoz · wall_segment Palisade Wall x1 |
| 10:24 | Michael J. Saylor · wall_segment Palisade Wall x7 |
| 10:27 | Hitokiri · first_building Barracks |
| 10:31 | [OLAM] MasterChetoz · wall_segment Palisade Wall x4 |
| 10:32 | 偷看D杯阿姨洗澡 · age_up feudal |
| 10:35 | [OLAM] MasterChetoz · wall_segment Palisade Wall x16 |
| 10:47 | [°OLAM°] The Surrendor · wall_segment Palisade Wall x5 |
| 11:02 | Hitokiri · wall_segment Palisade Wall x2 |
| 11:14 | [OLAM] MasterChetoz · age_up feudal |
| 11:33 | [OLAM] MasterChetoz · wall_segment Palisade Wall x1 |
| 11:34 | [OLAM] MasterChetoz · wall_segment Palisade Wall x1 |
| 11:37 | [OLAM] MasterChetoz · wall_segment Palisade Wall x1 |
| 11:58 | 近视主义不是近视 · first_building Barracks |
| 12:07 | Hitokiri · age_up feudal |
| 12:09 | Hitokiri · first_building Stable |
| 12:25 | [OLAM] MasterChetoz · wall_segment Palisade Wall x1 |
| 12:27 | [OLAM] MasterChetoz · wall_segment Palisade Wall x1 |
| 12:32 | Hitokiri · wall_segment Palisade Wall x1 |
| 12:32 | 近视主义不是近视 · age_up feudal |
| 12:56 | [OLAM] MasterChetoz · wall_segment Palisade Wall x1 |
| 12:58 | [OLAM] MasterChetoz · wall_segment Palisade Wall x1 |
| 13:04 | 偷看D杯阿姨洗澡 · wall_segment Stone Wall x10 |
| 13:13 | 偷看D杯阿姨洗澡 · wall_segment Stone Wall x7 |
| 13:14 | 近视主义不是近视 · first_building Stable |
| 13:16 | 偷看D杯阿姨洗澡 · wall_segment Stone Wall x5 |
| 13:19 | 偷看D杯阿姨洗澡 · wall_segment Stone Wall x1 |
| 13:27 | 近视主义不是近视 · wall_segment Palisade Wall x1 |
| 13:43 | Michael J. Saylor · wall_segment Palisade Wall x14 |
| 13:43 | [°OLAM°] The Surrendor · resign |
[ AI ANALYSIS · 1 CREDIT ]
What really happened in this match?
Wolo.gg analyzes every decision: build order, eco, micro, common mistakes by bracket. Personalized analysis on WhatsApp or Discord in 30 seconds.
Civ guide
Mapuche
Map guide
Lombardia
Perfil
[OLAM] MasterChetoz